 Dungeon Crawl Stone Soup version 0.28-a0-843-gb979743d38 (webtiles) character file.

Game seed: 14828175467070000945

28 Nixze the Magician (level 2, 0/15 HPs)
             Began as a Deep Elf Hedge Wizard on Nov 12, 2021.
             Was a Believer of Lugonu.
             Slain by a ball python (1 damage)
             ... on level 2 of the Dungeon.
             The game lasted 00:01:33 (1627 turns).

Nixze the Magician (Deep Elf Hedge Wizard)          Turns: 1627, Time: 00:01:34

Health: 0/15       AC:  2    Str:  7    XL:     2   Next: 96%
Magic:  4/9        EV:  9    Int: 18    God:    Lugonu [**....]
Gold:   25         SH:  0    Dex: 14    Spells: 8/9 levels left

rFire   . . .      SeeInvis .   a - +0 dagger
rCold   . . .      Faith    .   (no shield)
rNeg    . . .      Spirit   .   b - +0 robe
rPois   .          Reflect  .   c - +0 hat
rElec   .          Harm     .   (no cloak)
rCorr   .          Rampage  .   (no gloves)
Will    .....                   (no boots)
Stlth   ++........              (no amulet)
HPRegen 0.05/turn               (no ring)
MPRegen 0.11/turn               (no ring)

@: constricted
A: no striking features
a: Renounce Religion, Depart the Abyss, Bend Space


You were on level 2 of the Dungeon.
You worshipped Lugonu.
Lugonu was pleased with you.
You visited 1 branch of the dungeon, and saw 2 of its levels.

You collected 25 gold pieces.

Inventory:

Hand Weapons
 a - a +0 dagger (weapon)
Armour
 b - a +0 robe (worn)
 c - a +0 hat (worn)
 d - a +0 tower shield
Scrolls
 e - a scroll of identify {unknown}
 f - a scroll of acquirement {unknown}
 h - a scroll of magic mapping {unknown}
Potions
 g - a potion of curing {unknown}


   Skills:
 - Level 2.4 Dodging
 - Level 2.4 Stealth
 - Level 4.4 Spellcasting
 + Level 3.3 Conjurations
 - Level 1.1 Summonings
 - Level 1.1 Translocations


You had 8 spell levels left.
You knew the following spells:

 Your Spells              Type           Power      Damage    Failure   Level
a - Magic Dart            Conj           60%        1d6       3%          1

Your spell library contained the following spells:

 Spells                   Type           Power      Damage    Failure   Level
 Slow                     Hex            12%        N/A       14%         1
 Blink                    Tloc           14%        N/A       14%         2
 Call Imp                 Summ           7%         N/A       14%         2
 Ensorcelled Hibernation  Hex/Ice        6%         N/A       22%         2
 Conjure Flame            Conj/Fire      9%         6-21      22%         3
 Mephitic Cloud           Conj/Pois/Air  7%         N/A       26%         3
 Tukima's Dance           Hex            3%         N/A       38%         3


Dungeon Overview and Level Annotations

Branches:
Dungeon (2/15)

Altars:
Lugonu

Annotations:
D:2 Sigmund


Message History

Sigmund shouts!
You hear an angry hiss.
Casting: Magic Dart (safe; 3% risk of failure)
Confirm with . or Enter, or press ? or * to list all spells.
Aiming: Magic Dart (safe; 3% risk of failure)
Press: ? - help, Shift-Dir - straight line, f/p - Sigmund
Aim: Sigmund, wielding a +0 scythe and wearing a +0 robe (lightly wounded, 100% to hit)
The magic dart hits Sigmund but does no damage.
Sigmund is lightly wounded.
You hear a shout!
Sigmund casts a spell at you. The magic dart hits you.
Casting: Magic Dart (safe; 3% risk of failure)
Confirm with . or Enter, or press ? or * to list all spells.
Aiming: Magic Dart (safe; 3% risk of failure)
Press: ? - help, Shift-Dir - straight line, f/p - Sigmund
Aim: Sigmund, wielding a +0 scythe and wearing a +0 robe (lightly wounded, 100% to hit)
The magic dart hits Sigmund.
Sigmund is lightly wounded.
Sigmund points at you and mumbles some strange words.
The puff of flame hits you!
Ouch! That really hurt!
* * * LOW HITPOINT WARNING * * *
A ball python comes into view.
The ball python bites the bush but does no damage.
Your magical contamination has completely faded away.
The ball python hisses angrily.
You barely miss the ball python. The ball python barely misses you. x2
You hit the ball python.
The ball python is severely wounded.
The ball python barely misses you. The ball python grabs you.
The ball python constricts you.
Casting: Magic Dart (safe; 3% risk of failure)
Confirm with . or Enter, or press ? or * to list all spells.
Aiming: Magic Dart (safe; 3% risk of failure)
Press: ? - help, Shift-Dir - straight line, f/p - Sigmund
Aim: Sigmund, wielding a +0 scythe and wearing a +0 robe (lightly wounded, 100% to hit)
The magic dart hits Sigmund.
Sigmund is lightly wounded.
The ball python bites you.
You die...

P. . ♣P ♣♣#### ..
♣..♣....###...
#....<.......
###.###.....
##<......#
#..##.#### # ..
#S###.# ##.#
♣#♣.♣#♣#@#
#.##....#
........###.P.....#
#♣.♣#♣.....)P..P..#
#........#.P♣.♣...P
. ###..##...P♣♣♣♣


PP. ..###..@...#..♣ ♣. ......#..###..P♣ ......#.## #..PP♣ . ##....# #...PP You
could see Sigmund and a ball python.

Vanquished Creatures
  A worm (D:1)
  4 endoplasms (D:1)
  2 giant cockroaches (D:1)
  5 goblins (D:1)
  4 kobolds
  A ball python (D:1)
  A bat (D:1)
  2 frilled lizards (D:1)
  3 rats (D:1)
23 creatures vanquished.

Vanquished Creatures (others)
  2 plants (D:2)
2 creatures vanquished.

Grand Total: 25 creatures vanquished

Notes
Turn   | Place    | Note
-------+----------+-------------------------------------------
     0 | D:1      | Nixze the Deep Elf Hedge Wizard began the quest for the
                  | Orb.
     0 | D:1      | Reached XP level 1. HP: 10/10 MP: 7/7
   309 | D:1      | Found a faded altar of an unknown god.
   342 | D:1      | Prayed at the altar of an unknown god.
   342 | D:1      | Became a worshipper of Lugonu the Unformed
   342 | D:1      | Reached * piety under Lugonu
   342 | D:1      | Reached ** piety under Lugonu
   345 | D:1      | Reached XP level 2. HP: 15/15 MP: 6/9
  1613 | D:2      | Noticed Sigmund
  1627 | D:2      | Slain by a ball python

Illustrated notes

Levels and vault maps discovered:
D:1:      dpeg_arrival_brainrot, layout_basic,
          shapermc_ecumenical_altar_notcrosses
D:2:      layout_rooms, basic_altar, serial_forest, infiniplex_forest_diagonal,
          infiniplex_forest_diagonal, infiniplex_forest_clump_large,
          infiniplex_forest_lined_2, infiniplex_forest_lined_3,
          infiniplex_forest_straight_3, infiniplex_forest_straight_4,
          infiniplex_forest_straight_2, minivault_4, skrybe_limestone_x,
          chequers_mini_garden, dk_vineyard_3, minmay_misc_feat_plants,
          uniq_sigmund

Skill      XL: |  1  2 |
---------------+-------+-----
Conjurations   | 2 3 |  3.3
Dodging        | |  2.4
Stealth        | |  2.4
Spellcasting   | |  4.4
Summonings     | |  1.1
Translocations | |  1.1

Action                   || total
-------------------------++-------
Melee: Dagger            ||     2
 Cast: Magic Dart        ||    58
Dodge: Dodged            ||     4

Table legend: (Time is in decaauts)
 A = Elapsed time spent in this place.
 B = Non-inter-level travel time spent in this place.
 C = Inter-level travel time spent in this place.
 D = Time resting spent in this place.
 E = Time spent auto-exploring this place.
 F = Levels seen in this place.
 G = Mean time per level.
                   A        B        C        D        E       F      G
               +--------+--------+--------+--------+--------+-----+--------+
         Total |   1626 |   1582 |     44 |    100 |   1356 |   2 |  813.0 |
       Dungeon |   1626 |   1582 |     44 |    100 |   1356 |   2 |  813.0 |
               +--------+--------+--------+--------+--------+-----+--------+

Top non-repeatable levels by time:
     D:1: 1561 daAuts
     D:2: 65 daAuts
